 Dungeon Crawl Stone Soup version 0.23.1 (webtiles) character file.

Game seed: 14115781929836843233

16199 Kisielow the Martial Artist (level 12, -2/117 HPs)
             Began as a Merfolk Transmuter on Mar 15, 2019.
             Was a Priest of Makhleb.
             Slain by a redback (10 damage)
             ... on level 3 of the Lair of Beasts.
             The game lasted 00:42:00 (14564 turns).

Kisielow the Martial Artist (Merfolk Transmuter)   Turns: 14564, Time: 00:42:00

Health: -2/117     AC:  6    Str: 14    XL:     12   Next: 35%
Magic:  15/15      EV:  9    Int: 15    God:    Makhleb [***...]
Gold:   848        SH:  0    Dex: 15    Spells: 3/15 levels left

rFire    x . .     SeeInvis .     - Unarmed
rCold    + + +     Gourm    .   (shield currently unavailable)
rNeg     . . .     Faith    .   (armour currently unavailable)
rPois    +         Spirit   .   (helmet currently unavailable)
rElec    .         Reflect  .   (cloak currently unavailable)
rCorr    .         Harm     .   (gloves currently unavailable)
MR       .....                  (boots currently unavailable)
Stlth    +.........             m - amulet of magic regeneration (curse)
HPRegen  0.29/turn              f - ring of wizardry
MPRegen  0.39/turn              C - +2 ring of strength

@: about to teleport, ice-form, held
A: large, (change form in water), (swift swim), (stealthy swim)
a: End Transformation, Minor Destruction, Lesser Servant of Makhleb, Renounce
Religion


You were on level 3 of the Lair of Beasts.
You worshipped Makhleb.
Makhleb was most pleased with you.
You were not hungry.
You were a creature of crystalline ice.
You visited 3 branches of the dungeon, and saw 13 of its levels.

You collected 848 gold pieces.

Inventory:

Missiles
 l - 15 arrows
 p - 10 tomahawks
 w - 5 steel tomahawks
Armour
 a - a +0 pair of gloves (melded)
 b - a +0 robe (melded)
 o - a +0 helmet (melded)
 z - a scarf of cloud immunity
 E - a +2 cloak of poison resistance (melded)
 G - a +0 pair of boots (melded)
Jewellery
 f - a ring of wizardry (left front paw)
 m - a cursed amulet of magic regeneration (around neck)
 x - an uncursed ring of protection from cold
 C - a +2 ring of strength (right front paw)
Wands
 k - a wand of digging (11)
 n - a wand of flame (34)
 q - a wand of polymorph (13)
 r - a wand of enslavement (14)
 s - a wand of disintegration (16)
 t - a wand of paralysis (7)
 v - a wand of iceblast (13)
Scrolls
 e - a scroll of identify
 g - 6 scrolls of teleportation
 i - 10 scrolls of remove curse
 y - 3 scrolls of fog
 B - 2 scrolls of magic mapping
 I - a scroll of brand weapon {unknown}
Potions
 c - a potion of brilliance
 h - 2 potions of curing
 j - 3 potions of cancellation
 u - a potion of ambrosia
 A - 2 potions of agility
 D - a potion of magic
 F - a potion of flight
Comestibles
 d - 29 rations
 H - a chunk of flesh


   Skills:
 + Level 10.4 Fighting
 + Level 12.2 Dodging
 * Level 13.3 Unarmed Combat
 - Level 2.0 Spellcasting
 + Level 11.2 Transmutations


You had 3 spell levels left.
You knew the following spells:

 Your Spells              Type           Power        Failure   Level  Hunger
e - Blade Hands           Tmut           #####.....   2%          5    ######.
q - Spider Form           Tmut/Pois      ###.......   2%          3    ###....
w - Ice Form              Ice/Tmut       ###.....     9%          4    #####..

Your spell library contained the following spells:

 Spells                   Type           Power        Failure   Level  Hunger
 Beastly Appendage        Tmut           #####.       1%          1    #......
 Sticks to Snakes         Tmut           #####...     1%          2    ###....
 Confusing Touch          Hex            #.....       9%          1    #......
 Sting                    Conj/Pois      #...         9%          1    #......
 Poisonous Vapours        Pois/Air       #.....       13%         2    ###....
 Confuse                  Hex            #.......     26%         3    ###....
 Gell's Gravitas          Tloc           #.........   26%         3    ###....
 Mephitic Cloud           Conj/Pois/Air  #.......     26%         3    ###....
 Petrify                  Tmut/Erth      ###.....     9%          4    #####..
 Yara's Violent Unravell  Hex/Tmut       ###.......   24%         5    ######.
 Olgreb's Toxic Radiance  Pois           #.......     61%         4    #####..
 Metabolic Englaciation   Hex/Ice        #.........   91%         5    ######.
 Venom Bolt               Conj/Pois      #.........   91%         5    ######.


Dungeon Overview and Level Annotations

Branches:
Dungeon (9/15)             Temple (1/1) D:6            Lair (3/6) D:9
 Spider (0/4) Lair:3
  Swamp: Lair:2-4    Shoals: Lair:2-4       Orc: D:9-12

Altars:
Ashenzari
Cheibriados
Dithmenos
Elyvilon
Fedhas
Gozag
Hepliaklqana
Kikubaaqudgha
Makhleb
Nemelex Xobeh
Okawaru
Qazlal
Ru
Sif Muna
Trog
Uskayaw
Vehumet
Wu Jian
Xom
Yredelemnul
Zin
The Shining One

Shops:
D:9 *=*%(

Annotations:
Lair:1 exclusion: oklob plant


Message History

The jumping spider bites you. The redback bites you!
The jumping spider leaps!
The jumping spider pounces on you! The jumping spider barely misses you.
The jumping spider leaps!
The redback bites you!
* * * LOW HITPOINT WARNING * * *
You feel better.
The jumping spider leaps!
The jumping spider barely misses you. x2; The redback bites you!
* * * LOW HITPOINT WARNING * * *
The jumping spider leaps!
You feel better. The jumping spider pounces on you.
* * * LOW HITPOINT WARNING * * *
The jumping spider bites you.
* * * LOW HITPOINT WARNING * * *
The jumping spider leaps!
The redback bites you!
* * * LOW HITPOINT WARNING * * *
The jumping spider pounces on you.
* * * LOW HITPOINT WARNING * * *
The jumping spider bites you.
* * * LOW HITPOINT WARNING * * *
The redback bites you!
You die...

...##..........####.###. ##.##
................P#.....######....
........................#.#......
.............○...................
.....#########...................
....## ##.○................ ....#
#.................. ....#
##ss............... ....#
#Y..s............. ......
#...s........>........ ......
#..>.≈s................ ......
#^#...≈................# ....#
#.#^##...........##.... ....# #.
^# #............#.... ....# . ^#
.................. ....## ^#
..##..(........... .....###
..#.............


You could see 4 jumping spiders and a redback.

Vanquished Creatures
  4 hydras
  A two-headed ogre (D:8)
  Pikel (D:5)
  Maurice (D:9)
  2 black mambas
  5 spiny frogs
  A troll (D:9)
  A hornet (D:9)
  2 dream sheep (D:8)
  13 blink frogs
  A hippogriff (D:9)
  A redback (Lair:3)
  9 yaks
  A wyvern (D:9)
  Grum (D:9)
  4 water moccasins
  4 orc warriors
  A porcupine (Lair:3)
  2 ice beasts
  A slave (D:5)
  3 ogres
  2 wolves (D:9)
  2 centaurs
  3 crocodiles
  3 big kobolds (D:8)
  7 bullfrogs
  A water moccasin zombie (D:8)
  3 scorpions
  5 wights (D:8)
  5 howler monkeys
  An electric eel (Lair:1)
  A centaur zombie (D:6)
  8 crimson imps
  A quasit (D:9)
  2 bullfrog zombies (D:9)
  7 hounds
  3 jellies
  5 orc priests
  An iguana (D:6)
  13 orc wizards
  4 worker ants
  A hound zombie (D:5)
  10 gnolls
  A howler monkey zombie (D:8)
  5 adders
  2 shadow imps (D:9)
  An ooze (D:2)
  3 adder zombies
  4 adder skeletons
  6 worms
  2 dart slugs
  2 leopard geckos (D:4)
  33 orcs
  3 ball pythons
  6 bats
  3 giant cockroaches
  8 goblins
  8 hobgoblins
  17 jackals
  3 kobolds
  3 quokkas
  4 frilled lizards
  2 jackal skeletons
  7 rats
270 creatures vanquished.

Vanquished Creatures (others)
  2 fungi (Lair:1)
  A plant (Lair:1)
3 creatures vanquished.

Grand Total: 273 creatures vanquished

Notes
Turn   | Place    | Note
-------+----------+-------------------------------------------
     0 | D:1      | Kisielow the Merfolk Transmuter began the quest for the
                  | Orb.
     0 | D:1      | Reached XP level 1. HP: 15/15 MP: 3/3
   220 | D:1      | Reached XP level 2. HP: 18/21 MP: 3/5
   266 | D:1      | Reached skill level 4 in Unarmed Combat
   772 | D:1      | Reached XP level 3. HP: 25/26 MP: 4/6
   821 | D:1      | Learned a level 3 spell: Spider Form
  1032 | D:2      | Found a shattered altar of Ashenzari.
  1277 | D:2      | Found an ornate altar of the Wu Jian Council.
  1843 | D:3      | Found a stormy altar of Qazlal.
  1850 | D:3      | Reached XP level 4. HP: 29/32 MP: 1/7
  2431 | D:3      | Reached skill level 5 in Unarmed Combat
  2448 | D:3      | Reached XP level 5. HP: 11/37 MP: 3/8
  2849 | D:3      | Reached skill level 5 in Transmutations
  4087 | D:4      | Reached XP level 6. HP: 41/43 MP: 3/9
  4948 | D:5      | Entered Level 5 of the Dungeon
  4959 | D:5      | Reached XP level 7. HP: 50/50 MP: 10/10
  5419 | D:5      | Reached skill level 5 in Dodging
  5603 | D:5      | Noticed Pikel
  5619 | D:5      | Killed Pikel
  5619 | D:5      | Reached skill level 6 in Unarmed Combat
  5619 | D:5      | Reached XP level 8. HP: 42/60 MP: 11/11
  6379 | D:6      | Found a sacrificial altar of Ru.
  6431 | D:6      | Found a shimmering altar of Xom.
  6432 | D:6      | Found a sacrificial altar of Ru.
  6539 | D:6      | Found a staircase to the Ecumenical Temple.
  6579 | Temple   | Entered the Ecumenical Temple
  6587 | Temple   | Became a worshipper of Makhleb the Destroyer
  6880 | D:6      | Reached skill level 7 in Unarmed Combat
  6906 | D:6      | Learned a level 4 spell: Ice Form
  7129 | D:6      | Reached skill level 5 in Fighting
  7155 | D:6      | Reached XP level 9. HP: 51/68 MP: 12/12
  7430 | D:7      | Found a shadowy altar of Dithmenos.
  7601 | D:7      | Found a glowing golden altar of the Shining One.
  8399 | D:8      | Found a white marble altar of Elyvilon.
  8420 | D:8      | Noticed a two-headed ogre
  8436 | D:8      | Killed a two-headed ogre
  8436 | D:8      | Reached skill level 10 in Dodging
  8436 | D:8      | Reached skill level 8 in Unarmed Combat
  9092 | D:8      | Reached * piety under Makhleb
  9095 | D:8      | Reached XP level 10. HP: 69/77 MP: 13/13
  9728 | D:8      | Reached skill level 9 in Unarmed Combat
  9885 | D:8      | Noticed a two-headed hydra
  9895 | D:8      | Killed a two-headed hydra
 10077 | D:9      | Found Veosofo's General Store.
 10118 | D:9      | Reached skill level 10 in Unarmed Combat
 10119 | D:9      | Found a hazy altar of Hepliaklqana.
 10177 | D:9      | Found Xenkiuc's General Store.
 10189 | D:9      | Noticed Maurice
 10195 | D:9      | Found Gaxkiewa's Jewellery Boutique.
 10195 | D:9      | Found Ebipp's Antique Weapon Boutique.
 10195 | D:9      | Found Boruemm's Food Boutique.
 10204 | D:9      | Killed Maurice
 10267 | D:9      | Learned a level 5 spell: Blade Hands
 10339 | D:9      | Reached ** piety under Makhleb
 10410 | D:9      | Found a staircase to the Lair.
 10432 | D:9      | Reached XP level 11. HP: 84/87 MP: 14/14
 10801 | D:9      | Noticed Grum
 10812 | D:9      | Killed Grum
 10812 | D:9      | Reached skill level 11 in Unarmed Combat
 11094 | Lair:1   | Entered Level 1 of the Lair of Beasts
 11312 | Lair:1   | Reached *** piety under Makhleb
 11451 | Lair:1   | Noticed a six-headed hydra
 11460 | Lair:1   | Killed a six-headed hydra
 11460 | Lair:1   | Reached skill level 10 in Transmutations
 11494 | Lair:1   | Reached skill level 12 in Unarmed Combat
 11760 | Lair:1   | Noticed an oklob plant
 11796 | Lair:1   | Noticed an eight-headed hydra
 12077 | Lair:1   | Killed an eight-headed hydra
 13122 | Lair:2   | Noticed a five-headed hydra
 13134 | Lair:2   | Reached XP level 12. HP: 97/97 MP: 10/15
 13139 | Lair:2   | Killed a five-headed hydra
 13139 | Lair:2   | Reached skill level 10 in Fighting
 13979 | Lair:3   | Reached skill level 13 in Unarmed Combat
 14548 | Lair:3   | Found a hole to the Spider Nest.
 14564 | Lair:3   | Slain by a redback

Skill      XL: |  1  2  3  4  5  6  7  8  9 10 11 12 |
---------------+-------------------------------------+-----
Unarmed Combat | 4 5 6 7 8 10 12 13 | 13.3
Transmutations | 3 4 6 7 8 10 11 | 11.2
Dodging        | 4 7 9 11 12 | 12.2
Fighting       | 2 4 5 6 8 9 10 | 10.4
Spellcasting   | |  2.0

Action                   |  1- 3 |  4- 6 |  7- 9 | 10-12 || total
-------------------------+-------+-------+-------+-------++-------
Melee: Unarmed           |   109 |   196 |   307 |   452 ||  1064
       Headbutt          |     8 |       |       |       ||     8
       Punch             |     3 |     1 |     1 |     1 ||     6
       Tailslap          |       |     2 |       |       ||     2
Throw: Tomahawk          |     3 |     4 |     5 |       ||    12
 Cast: Beastly Appendage |    11 |       |       |       ||    11
       Spider Form       |     3 |    20 |    32 |    33 ||    88
       Ice Form          |       |       |     1 |    12 ||    13
       Blade Hands       |       |       |       |     2 ||     2
Evoke: Wand              |       |       |       |     1 ||     1
  Use: Scroll            |       |     7 |     5 |     9 ||    21
       Potion            |       |     2 |       |     3 ||     5
 Stab: Sleeping          |     3 |     1 |     1 |     1 ||     6
       Distracted        |       |       |       |     1 ||     1
  Eat: Chunk             |     4 |    13 |    14 |    22 ||    53
       Ration            |       |       |     1 |     1 ||     2
Armor: Robe              |    13 |    18 |     8 |    13 ||    52
       Skin              |       |     5 |     4 |    17 ||    26
Dodge: Dodged            |    84 |   178 |   228 |   418 ||   908
